 Dungeon Crawl Stone Soup version 0.29.1-15-g9cfb28693d (webtiles) character file.

Game seed: 17780732131288808411

72 kingofthe the Conjurer (level 4, 0/24 HPs)
             Began as a Deep Elf Conjurer on Mar 4, 2023.
             Slain by a gnoll
             ... wielding a +0 flail
              (8 damage)
             ... on level 2 of the Dungeon.
             The game lasted 00:04:00 (1486 turns).

kingofthe the Conjurer (Deep Elf Conjurer)          Turns: 1486, Time: 00:04:01

Health: 0/24       AC:  2    Str: 11    XL:     4   Next: 7%
Magic:  0/11       EV: 13    Int: 23    God:
Gold:   21         SH:  5    Dex: 18    Spells: 7/10 levels left

rFire   . . .      SeeInvis .   l - +2 spear "Xuvonk" {holy, Str+7 Dex+3}
rCold   . . .      Faith    .   (no shield)
rNeg    . . .      Spirit   .   a - +0 robe
rPois   .          Reflect  +   (no helmet)
rElec   .          Harm     .   (no cloak)
rCorr   .          Rampage  .   (no gloves)
Will    +....                   (no boots)
Stlth   +++.......              d - amulet of reflection
HPRegen 0.08/turn               W - ring of willpower
MPRegen 0.12/turn               (no ring)

@: no status effects
A: no striking features
a: no special abilities


You were on level 2 of the Dungeon.
You visited 1 branch of the dungeon, and saw 2 of its levels.

You collected 60 gold pieces.
You spent 39 gold pieces at shops.


   Skills:
 * Level 3.6 Dodging
 + Level 3.2 Stealth
 + Level 3.5 Spellcasting
 * Level 5.0 Conjurations


You had 7 spell levels left.
You knew the following spells:

 Your Spells              Type           Power      Damage    Failure   Level
a - Magic Dart            Conj           100%       1d8       1%          1
b - Searing Ray           Conj           54%        2d6       1%          2

Your spell library contained the following spells:

 Spells                   Type           Power      Damage    Failure   Level
 Dazzling Flash           Conj/Hex       30%        N/A       12%         3
 Fulminant Prism          Conj/Hex       7%         3d7       36%         4
 Iskenderun's Mystic Bla  Conj/Tloc      15%        2d5       36%         4

Inventory:

Hand Weapons
 e - a +1 dagger of venom
 i - a +0 spear of venom
 l - the +2 spear "Xuvonk" (weapon) {holy, Str+7 Dex+3}
   (You found it on level 2 of the Dungeon)

   It has been blessed by the Shining One to cause great damage to the undead
   and demons.
   Str:       It affects your strength (+7).
   Dex:       It affects your dexterity (+3).
Armour
 a - a +0 robe (worn)
Jewellery
 d - an amulet of reflection (around neck)
 W - a ring of willpower (left hand)
Scrolls
 g - a scroll of blinking {unknown}
 k - a scroll of identify {unknown}
 m - a scroll of noise {unknown}
 n - a scroll of teleportation {unknown}
Potions
 b - a potion of magic
 c - a potion of mutation {unknown}
 f - a potion of flight {unknown}
 h - a potion of ambrosia {unknown}
 j - a potion of curing {@q1}

Dungeon Overview and Level Annotations

Branches:
Dungeon (2/15)

Altars:

Shops:
D:2

!*[
######.#.....#.......†........##.
..........#.####.................
######..###........##########.###
# ####..# ######.#.# #.# #
#⌠.⌠..# ##.#.# #.### ###.∩...#
#.#..# #.... ##.⌠.⌠..# ##.#.#
#..▒▒ ...####.# #.#.# #).▒G ...##
#.# #@#.# #..▒▒ ....###.# #g#.#
##.... ........# #.#.# #.....
....##### #)#.# ##.... ...##
.)#.# #..▒▒ ..... .... #..▒G
?##### . ...░. #..▒▒ .######.#
.░.░ .) #.... .)....... ...∩ ..
#.###


You could see a gnoll.


Message History

The gnoll is severely wounded.
You block the gnoll's attack.
You closely miss the gnoll.
The gnoll is severely wounded.
The gnoll completely misses you. The gnoll hits you with a +0 flail.
You hit the gnoll.
The gnoll is almost dead.
The gnoll closely misses you.
You closely miss the gnoll.
The gnoll is almost dead.
You block the gnoll's attack.
You barely miss the gnoll.
The gnoll is almost dead.
The gnoll hits you with a +0 flail.
You closely miss the gnoll.
The gnoll is almost dead.
The gnoll hits you with a +0 flail!
* * * LOW HITPOINT WARNING * * *
Casting: Searing Ray (safe; 1% risk of failure)
Confirm with . or Enter, or press ? or * to list all spells.
You don't have enough magic to cast this spell.
Casting: Searing Ray (safe; 1% risk of failure)
Confirm with . or Enter, or press ? or * to list all spells.
Aiming: Magic Dart (safe; 1% risk of failure)
Press: ? - help, Shift-Dir - straight line, f/p - gnoll
Aim: a gnoll, wielding a +0 flail (almost dead, 100% to hit)
The magic dart hits the gnoll but does no damage.
The gnoll is almost dead.
The gnoll hits you with a +0 flail!
You die...

Skill      XL: |  1  2  3 |
---------------+----------+-----
Dodging        | 3 |  3.6
Stealth        | 3 |  3.2
Conjurations   | 5 |  5.0
Spellcasting   | |  3.5

Action                   |  1- 3 |  4- 6 || total
-------------------------+-------+-------++-------
Melee: Spear             |       |     7 ||     7
 Cast: Magic Dart        |    53 |     1 ||    54
       Searing Ray       |     1 |     1 ||     2
Dodge: Dodged            |       |     3 ||     3
Block: Other             |       |     2 ||     2

Levels and vault maps discovered:
D:1:      dpeg_arrival_another_circle, layout_basic
D:2:      layout_loops_ring, hellmonk_ecumenical_altar_watching_god,
          serial_shops, nicolae_shop_behind_doors, shop_fountains,
          nicolae_shop_crystal, shop, nicolae_shop_advertising_works
          [nicolae_subvault_shop_adworks]

Notes
Turn   | Place    | Note
-------+----------+-------------------------------------------
     0 | D:1      | kingofthe the Deep Elf Conjurer began the quest for the
                  | Orb.
     0 | D:1      | Reached XP level 1. HP: 10/10 MP: 6/6
   279 | D:1      | Reached XP level 2. HP: 15/15 MP: 4/8
   550 | D:1      | Reached skill level 3 in Dodging
  1007 | D:2      | Reached XP level 3. HP: 19/19 MP: 5/9
  1094 | D:2      | Reached skill level 3 in Stealth
  1097 | D:2      | Learned a level 2 spell: Searing Ray
  1123 | D:2      | Found Zunguc's Distillery.
  1141 | D:2      | Bought a potion of curing for 39 gold pieces
  1154 | D:2      | Identified the +2 spear "Xuvonk" {holy, Str+7 Dex+3}
  1241 | D:2      | Found Yffujeem's Antique Armour Boutique.
  1319 | D:2      | Noticed an eye of devastation
  1321 | D:2      | Found a faded altar of an unknown god.
  1323 | D:2      | Noticed a golden eye
  1323 | D:2      | Noticed a golden eye
  1323 | D:2      | Noticed an eye of devastation
  1466 | D:2      | Found Liebuong's General Store.
  1474 | D:2      | Reached skill level 5 in Conjurations
  1475 | D:2      | Reached XP level 4. HP: 24/24 MP: 3/11
  1486 | D:2      | Slain by a gnoll

Vanquished Creatures
  3 gnolls (D:2)
  An adder (D:2)
  A dart slug (D:2)
  3 ball pythons
  6 bats
  3 endoplasms
  2 giant cockroaches (D:1)
  3 goblins
  A hobgoblin (D:2)
  4 kobolds
  2 quokkas
  A frilled lizard (D:1)
  2 rats
32 creatures vanquished.

Table legend: (Time is in decaauts)
 A = Elapsed time spent in this place.
 B = Non-inter-level travel time spent in this place.
 C = Inter-level travel time spent in this place.
 D = Time resting spent in this place.
 E = Time spent auto-exploring this place.
 F = Levels seen in this place.
 G = Mean time per level.
                   A        B        C        D        E       F      G
               +--------+--------+--------+--------+--------+-----+--------+
         Total |   1485 |   1436 |     49 |     50 |   1213 |   2 |  742.5 |
       Dungeon |   1485 |   1436 |     49 |     50 |   1213 |   2 |  742.5 |
               +--------+--------+--------+--------+--------+-----+--------+

Top non-repeatable levels by time:
     D:1: 1074 daAuts
     D:2: 411 daAuts

Table legend:
 A = Non-vault XP
 B = Vault XP
 C = Vault XP percentage of total XP
 D = Non-vault monster count
 E = Vault monster count
 F = Vault count percentage of total count
                 A         B        C        D         E       F
            +---------+---------+-------+---------+---------+-------
      Total |     104 |       0 |   0.0 |      32 |       0 |   0.0
            +---------+---------+-------+---------+---------+-------
        D:1 |      29 |       0 |   0.0 |      17 |       0 |   0.0
        D:2 |      75 |       0 |   0.0 |      15 |       0 |   0.0
            +---------+---------+-------+---------+---------+-------
